 Dungeon Crawl Stone Soup version 0.32-a0-886-g41c5271027 (webtiles) character file.

Game seed: 8429366726497550630

2 Shayle the Apothecary (level 1, -2/13 HPs)
             Began as a Coglin Alchemist on Apr 2, 2024.
             Slain by a jackal (3 damage)
             ... on level 2 of the Dungeon.
             The game lasted 00:01:14 (90 turns).

Shayle the Apothecary (Coglin Alchemist)              Turns: 90, Time: 00:01:14

Health: -2/13      AC:  2    Str:  8    XL:     1   Next: 30%
Magic:  2/3        EV:  1    Int: 14    God:
Gold:   0          SH:  0    Dex: 14    Spells: 2/3 levels left

rFire   . . .        (no weapon)
rCold   . . .        (no shield)
rNeg    . . .        a - +0 robe
rPois   .            (no helmet)
rElec   .            (no cloak)
rCorr   .            (no gloves)
SInv    .            (no boots)
Will    .....        (amulet unavailable)
Stlth   ++           (ring unavailable)
HPRegen 0.22/turn    (ring unavailable)
MPRegen 0.08/turn    (no gizmo)

%: no passive effects
@: constricted
A: off-hand wielding, slow wielding, warmup strikes, no jewellery
a: Invent Gizmo


You were on level 2 of the Dungeon.
You visited 1 branch of the dungeon, and saw 2 of its levels.

Inventory:

Armour
 a - a +0 robe (worn)
Scrolls
 c - a scroll of fog {unknown}
Potions
 b - a potion of magic


   Skills:
 - Level 1.7 Dodging
 - Level 1.5 Stealth
 + Level 1.8 Spellcasting
 + Level 1.0 Conjurations
 + Level 3.3 Alchemy


You had 2 spell levels left.
You knew the following spells:

 Your Spells              Type           Power      Damage    Failure   Level
a - Sting                 Conj/Alch      28%        1d4       10%         1

Your spell library contained the following spells:

 Spells                   Type           Power      Damage    Failure   Level
 Mercury Vapours          Alch/Air       10%        N/A       19%         2
 Mephitic Cloud           Conj/Alch/Air  5%         N/A       38%         3
 Olgreb's Toxic Radiance  Alch           10%        N/A       52%         4
 Sticky Flame             Fire/Alch      5%         2d4       77%         4


Dungeon Overview and Level Annotations

Branches:
Dungeon (2/15)

Altars:


Innate Abilities, Weirdness & Mutations

You can wield a second weapon in your off-hand.
It takes a long time for you to wield or remove held weapons.
Your first few attacks do less damage.
You cannot equip rings or amulets.


Message History

The jackal moves out of view.
The jackal barks!
The kobold throws a stone.
The stone misses you.
Found a stone staircase leading down.
The kobold throws a stone.
The stone hits you.
The kobold throws a stone.
The stone hits you. The jackal completely misses you.
The jackal attacks as it pursues you! The jackal closely misses you.
The jackal closely misses you.
A jackal comes into view.
There is a stone staircase leading down here.
The jackal barks!
You hear a bark!
The jackal closely misses you.
The ball python bites you but does no damage.
The ball python misses you.
You hear a bark!
You climb downwards.
Found 2 stones and a pair of glowing gloves.
Found a stone staircase leading up.
There is a stone staircase leading up here.
The endoplasm quivers.
The jackal attacks as it pursues you! The jackal bites you.
The ball python barely misses you. The ball python grabs you.
The ball python constricts you. The jackal bites you.
The ball python's grasp on you weakens, but your attempt to escape fails.
The ball python bites you. The ball python constricts you.
The jackal bites you.
You escape the ball python's grasp.
The ball python bites you but does no damage.
The ball python grabs you. The ball python constricts you.
The jackal bites you.
* * * LOW HITPOINT WARNING * * *
The ball python bites you.
* * * LOW HITPOINT WARNING * * *
The ball python constricts you.
* * * LOW HITPOINT WARNING * * *
Okay, then.
The ball python's grasp on you weakens, but your attempt to escape fails.
The jackal bites you.
You die...

### #.. .
...#.#### .
..#.#.. .# #
#.#.#.###.#.#
####.#........[.
.#...............
..............#.#
#.##..hS<(.....#
###@#...J....
.................
.#.###....#####..
#....# . ......
.....### <.....#
......#


You could see a jackal and a ball python.

Vanquished Creatures
  2 kobolds (D:1)
2 creatures vanquished.

Notes
Turn   | Place    | Note
-------+----------+-------------------------------------------
     0 | D:1      | Shayle the Coglin Alchemist began the quest for the Orb.
     0 | D:1      | Reached XP level 1. HP: 13/13 MP: 3/3
    26 | D:1      | Reached skill level 1 in Conjurations
    90 | D:2      | Slain by a jackal

Illustrated notes

Levels and vault maps discovered:
D:1:      tarquinn_simple_flora_water_b, layout_rooms, minmay_cut_off
D:2:      layout_basic, grunt_ministairs_6, minmay_misc_feat_chi,
          feat_on_display

Skill      XL: |  1 |
---------------+----+-----
Conjurations   | 1 |  1.0
Dodging        | |  1.7
Stealth        | |  1.5
Spellcasting   | |  1.8
Alchemy        | |  3.3

Action                     || total
---------------------------++-------
   Cast: Sting             ||     4
 Armour: Robe              ||    16
  Dodge: Dodged            ||     9

Table legend: (Time is in decaauts)
 A = Elapsed time spent in this place.
 B = Non-inter-level travel time spent in this place.
 C = Inter-level travel time spent in this place.
 D = Time resting spent in this place.
 E = Time spent auto-exploring this place.
 F = Levels seen in this place.
 G = Mean time per level.
                   A        B        C        D        E       F      G
               +--------+--------+--------+--------+--------+-----+--------+
         Total |     89 |     89 |      0 |      2 |     47 |   2 |   44.5 |
       Dungeon |     89 |     89 |      0 |      2 |     47 |   2 |   44.5 |
               +--------+--------+--------+--------+--------+-----+--------+

Top non-repeatable levels by time:
     D:1: 85 daAuts
     D:2: 4 daAuts
